 Dungeon Crawl Stone Soup version 0.20.1-1-g8b1a95d (webtiles) character file.

40 dohliylev the Sneak (level 3, 0/27 HPs)
             Began as a Vampire Assassin on Dec 3, 2017.
             Slain by a gnoll (6 damage)
             ... on level 2 of the Dungeon.
             The game lasted 00:02:32 (939 turns).

dohliylev the Sneak (Vampire Assassin)               Turns: 939, Time: 00:02:33

Health: 0/27       AC:  3    Str: 10    XL:     3   Next: 30%
Magic:  3/3        EV: 12    Int: 13    God:
Gold:   47         SH:  0    Dex: 16    Spells: 2/2 levels left

rFire    + . .     SeeInvis +   a - +2 dagger
rCold    . . .     Gourm    .   (no shield)
rNeg     + . .     Faith    .   c - +0 robe
rPois    .         Spirit   .   (no helmet)
rElec    .         Reflect  .   d - +0 cloak
rCorr    .         Harm     .   (no gloves)
MR       .....                  (no boots)
Stlth    ++++......             p - amulet of inaccuracy (curse)
Regen    0.1/turn               h - ring of fire
MPRegen  0.1/turn               s - ring of protection from cold

@: no status effects
A: fangs 3, see invisible, unbreathing
a: Bat Form


You were on level 2 of the Dungeon.
You were not thirsty.

You visited 1 branch of the dungeon, and saw 2 of its levels.

You collected 47 gold pieces.

Inventory:

Hand Weapons
 a - a +2 dagger (weapon)
 b - a +0 blowgun
Missiles
 e - 22 poisoned needles
 f - 2 curare-tipped needles
Armour
 c - a +0 robe (worn)
 d - a +0 cloak (worn)
Jewellery
 h - a ring of fire (left hand)
 p - a cursed amulet of inaccuracy (around neck)
 s - a ring of protection from cold (right hand)
Wands
 t - a wand of digging (19/24)
Scrolls
 i - a scroll of fear {unknown}
 j - a scroll of remove curse {unknown}
 k - a scroll of blinking {unknown}
 m - 2 scrolls of identify {unknown}
 o - a scroll of amnesia {unknown}
 r - a scroll of recharging {unknown}
Potions
 g - 3 potions of blood
 l - a potion of lignification {unknown}
 n - a potion of resistance {unknown}
 q - a potion of haste {unknown}


   Skills:
 - Level 1.7 Fighting
 - Level 2.3 Short Blades
 - Level 1.5 Throwing
 - Level 1.1 Dodging
 + Level 7.7 Stealth


You had 2 spell levels left.
You didn't know any spells.

Dungeon Overview and Level Annotations

Branches:
Dungeon (2/15)

Altars:


Innate Abilities, Weirdness & Mutations

You have razor-sharp teeth.
You have supernaturally acute eyesight. (SInv)
You can survive without breathing.


Message History

The gnoll is severely wounded.
The gnoll looks more healthy.
The gnoll misses you.
You hit the gnoll.
The gnoll is almost dead.
The gnoll hits you.
You hit the gnoll but do no damage.
The gnoll is almost dead.
The gnoll hits you but does no damage. The gnoll hits you!
* * * LOW HITPOINT WARNING * * *
You hit the gnoll.
You kill the gnoll!
The gnoll closely misses you. The gnoll hits you.
* * * LOW HITPOINT WARNING * * *
Things that are here:
a halberd; a gnoll corpse Wield which item (- for none, * to show all)? (? for menu, Esc to quit)
You are already wielding that!
The gnoll hits you.
You die...

.................
##.>.......#..........
#...................
##.........##.......
####..........###>....#
#.............>.......##
..###.........##.......#
.........)....###.......#
..........@.........)...#
#....######g....##.)...##
#.... #.#.#........####
.... #.#########...... #...
#.## #.........)
#.(..######..####..........
..$.(<.#...............<...
#....)......##########
###.........#


You could see a gnoll.

Vanquished Creatures
  A gnoll (D:2)
  An adder (D:2)
  2 bats (D:1)
  2 giant cockroaches (D:1)
  4 goblins
  A hobgoblin (D:1)
  5 kobolds
  A frilled lizard (D:1)
  5 rats (D:1)
22 creatures vanquished.

Notes
Turn   | Place    | Note
-------+----------+-------------------------------------------
     0 | D:1      | dohliylev the Vampire Assassin began the quest for the Orb.
     0 | D:1      | Reached XP level 1. HP: 16/16 MP: 1/1
    98 | D:1      | Reached skill level 6 in Stealth
   304 | D:1      | Reached XP level 2. HP: 20/22 MP: 2/2
   847 | D:2      | Reached skill level 7 in Stealth
   876 | D:2      | Reached XP level 3. HP: 22/27 MP: 3/3
   939 | D:2      | Slain by a gnoll

Skill      XL: |  1  2 |
---------------+-------+-----
Stealth        | 6 7 |  7.7
Fighting       | |  1.7
Short Blades   | |  2.3
Throwing       | |  1.5
Dodging        | |  1.1

Action                   || total
-------------------------++-------
Melee: Dagger            ||    63
       Bite              ||     7
 Fire: Blowgun           ||     2
 Stab: Sleeping          ||     6
  Eat: Corpse            ||     4
Armor: Robe              ||    21
Dodge: Dodged            ||    32
